 Dungeon Crawl Stone Soup version 0.20-a0-795-ga03948b (console) character file.

28422 nht the Bewitcher (level 13, -3/85 HPs)
             Began as a Vampire Enchanter on Mar 1, 2017.
             Was a High Priest of Dithmenos.
             Shot with an arrow by Nessos (17 damage)
             ... on level 5 of the Lair of Beasts.
             The game lasted 00:49:26 (13080 turns).

nht the Bewitcher (Vampire Enchanter)              Turns: 13080, Time: 00:49:27

Health: -3/85      AC:  8    Str:  7    XL:     13   Next: 9%
Magic:  19/19      EV: 17    Int: 27    God:    Dithmenos [*****.]
Gold:   118        SH:  0    Dex: 14    Spells: 4/20 levels left

rFire    . . .     SeeInvis +   W - +1 scimitar (vamp)
rCold    . . .     Gourm    .   x - +2 robe {MR+}
rNeg     + + .     Faith    .   (no shield)
rPois    .         Spirit   .   m - +0 helmet
rElec    .         Reflect  .   V - +0 cloak "Tayssyic" {rN++ Regen+ Int+4 SInv}
rCorr    .         Harm     .   g - +1 pair of gloves
MR       +++..                  (no boots)
Stlth    +++++++...             M - amulet of regeneration
Regen    1.3/turn               (no ring)
MPRegen  0.2/turn               j - ring of protection from magic

@: lethally poisoned (-3 -> -13), regenerating quickly, wreathed by umbra
A: fangs 3, see invisible, unbreathing
a: Shadow Step, Shadow Form, Renounce Religion


You were on level 5 of the Lair of Beasts.
You worshipped Dithmenos.
Dithmenos was extremely pleased with you.
You were almost alive.

You visited 3 branches of the dungeon, and saw 16 of its levels.
You also visited: Sewer.

You collected 671 gold pieces.
You spent 553 gold pieces at shops.

Inventory:

Hand Weapons
 a - a +4 dagger of venom
 H - a +0 blowgun
 K - a +3 long sword
 W - a +1 vampiric scimitar (weapon)
Missiles
 q - 89 poisoned needles
 B - 18 javelins (quivered)
 D - 6 curare-tipped needles
 O - 13 tomahawks
 Q - 4 throwing nets
 R - 3 tomahawks of returning
Armour
 g - a +1 pair of gloves (worn)
 l - a +1 ring mail of poison resistance
 m - a +0 helmet (worn)
 x - a +2 robe of magic resistance (worn)
 P - a +0 buckler
 V - the +0 cloak "Tayssyic" (worn) {rN++ Regen+ Int+4 SInv}
   (You bought it in a shop on level 9 of the Dungeon)

   It affects your intelligence (+4).
   It greatly protects you from negative energy.
   It lets you see invisible.
   It increases your rate of regeneration.
Magical Staves
 y - an uncursed staff of earth
Jewellery
 j - a ring of protection from magic (left hand)
 o - an uncursed ring of fire
 M - an amulet of regeneration (around neck)
Wands
 n - a wand of disintegration (18/24)
 S - a wand of iceblast (0/15)
 U - a wand of iceblast (0/15)
Scrolls
 f - 4 scrolls of enchant armour
 h - 3 scrolls of fear
 i - 7 scrolls of teleportation
 t - a scroll of blinking
 u - 4 scrolls of amnesia
 E - 2 scrolls of enchant weapon
 L - 5 scrolls of remove curse
 N - 3 scrolls of recharging
Potions
 b - a potion of agility
 d - 3 potions of lignification
 e - 44 potions of blood
 k - 3 potions of brilliance
 r - a potion of haste
 s - 2 potions of mutation
 w - 4 potions of berserk rage
 z - a potion of magic
 A - 9 potions of curing
 C - 3 potions of heal wounds
 F - 2 potions of flight
 G - 2 potions of might
 I - a potion of ambrosia {unknown}
Books
 c - a book of Maledictions

   Spells                             Type                      Level
   a - Corona                         Hexes                        1
   b - Ensorcelled Hibernation        Hexes/Ice                    2
   c - Confuse                        Hexes                        3
   d - Tukima's Dance                 Hexes                        3
   e - Dazzling Spray                 Conjuration/Hexes            3
 v - a book of Cantrips

   Spells                             Type                      Level
   a - Confusing Touch                Hexes                        1
   b - Animate Skeleton               Necromancy                   1
   c - Summon Small Mammal            Summoning                    1
   d - Apportation                    Translocation                1
 T - a book of Ice

   Spells                             Type                      Level
   a - Ice Form                       Ice/Transmutation            4
   b - Metabolic Englaciation         Hexes/Ice                    5
   c - Ozocubu's Refrigeration        Ice                          6
   d - Bolt of Cold                   Conjuration/Ice              6
   e - Freezing Cloud                 Conjuration/Ice/Air          6
   f - Simulacrum                     Ice/Necromancy               6


   Skills:
 + Level 2.6 Fighting
 - Level 10.3(13.5) Short Blades
 - Level 13.3(14.3) Long Blades
 + Level 8.0 Dodging
 - Level 10.6 Stealth
 - Level 4.1 Spellcasting
 - Level 15.2 Hexes


You had 4 spell levels left.
You knew the following spells:

 Your Spells              Type           Power        Failure   Level  Hunger
a - Ensorcelled Hibernat  Hex/Ice        #####.       1%          2    None
b - Confuse               Hex            ######..     1%          3    ##.....
c - Tukima's Dance        Hex            ######..     1%          3    ##.....
d - Dazzling Spray        Conj/Hex       #####.       1%          3    ##.....
e - Metabolic Englaciati  Hex/Ice        #####.....   12%         5    #####..


Dungeon Overview and Level Annotations

Branches:
Dungeon (10/15)            Temple (1/1) D:5            Lair (5/6) D:10
 Shoals (0/4) Lair:2        Snake (0/4) Lair:3        Slime (0/5) Lair:5
    Orc (0/2) D:10

Altars:
Ashenzari
Cheibriados
Dithmenos
Elyvilon
Fedhas
Gozag
Hepliaklqana
Kikubaaqudgha
Makhleb
Nemelex Xobeh
Okawaru
Qazlal
Ru
Sif Muna
Trog
Uskayaw
Vehumet
Wu Jian
Xom
Yredelemnul
Zin
The Shining One
Jiyva

Shops:
D:9 [

Annotations:
Lair:4 Josephine
Lair:5 Nessos


Innate Abilities, Weirdness & Mutations

Your natural rate of healing is unusually fast.
You have razor-sharp teeth.
You have supernaturally acute eyesight. (SInv)
You can survive without breathing.


Message History

Evoke which item? (* to show all) (? for menu, Esc to quit)
Aiming: Iceblast (will waste charges)
Press: ? - help, Shift-Dir - straight line, f/p - Nessos
Aim: Nessos, wielding a longbow of flaming and wearing a centaur barding (almost dead, fast, umbra)
The mass of ice explodes!
The iceblast engulfs Nessos.
Nessos is almost dead.
Evoking this partially-identified wand wasted a few charges.
You feel very sick.
Nessos shoots an arrow.
The arrow hits you!
* * * LOW HITPOINT WARNING * * *
The arrow burns you.
You are more poisoned.
* * * LOW HITPOINT WARNING * * *
Evoke which item? (* to show all) (? for menu, Esc to quit)
Aiming: Iceblast (will waste charges)
Press: ? - help, Shift-Dir - straight line, f - you Nothing appears to happen.
You feel very sick.
Nessos shoots an arrow.
The arrow hits you!
You die...

███ █..███.██.██.█
█████.█ ██...>.......█
....█÷██.█...........█
........███..........██
........███...c.......█
........██.....§§§§.█
........█.........§.██
........█....§§§§§§.P█
.........÷P...§§@§.!██
...........█P.█§§█.██
........P██....§§█.█
._.......█████§.████
.>.....█.█ █.P█
......████ █...█
........█ █......
........█ █.........
........█.██........P█


You could see Nessos.

Vanquished Creatures
  Harold (Lair:4)
  5 hydras
  An ogre mage (D:10)
  5 two-headed ogres
  Urug (Lair:4)
  4 black mambas
  5 elephants (Lair:5)
  4 spiny frogs
  2 rime drakes
  4 komodo dragons
  A polar bear (Lair:3)
  4 blink frogs (Lair:5)
  A hippogriff (Lair:4)
  A snapping turtle (Lair:2)
  A spriggan (Lair:3)
  3 wyverns
  Sigmund (D:3)
  Eustachio (D:5)
  19 yaks
  2 basilisks
  Menkaure (D:5)
  A hungry ghost (D:7)
  A naga (Lair:3)
  6 water moccasins
  Duvessa (D:4)
  5 orc warriors
  9 porcupines
  A sky beast (D:7)
  A necrophage (D:6)
  2 black bears
  5 phantoms
  3 ice beasts
  7 ogres
  16 wolves
  2 centaurs
  6 crocodiles
  A big kobold (Sewer)
  10 bullfrogs
  Dowan (D:4)
  A scorpion (D:5)
  4 killer bees (D:8)
  4 wights
  2 howler monkeys
  2 crimson imps
  4 hounds
  Crazy Yiuf (D:2)
  3 orc priests
  A quasit (D:8)
  2 bullfrog skeletons
  5 orc wizards
  A centaur skeleton (D:8)
  3 iguanas
  Jessica (D:2)
  Ijyb (D:2)
  4 worker ants
  5 hell rats (Lair:2)
  6 ogre zombies (D:10)
  A hound skeleton (D:4)
  4 worker ant zombies
  Robin (D:3)
  A howler monkey skeleton (D:8)
  16 adders
  4 gnolls (D:7)
  9 river rats (Sewer)
  2 shadow imps (D:7)
  2 oozes
  An adder skeleton (D:8)
  A worm (D:4)
  A dart slug (D:5)
  5 leopard geckos
  28 orcs
  7 ball pythons
  10 giant cockroaches
  5 hobgoblins
  11 jackals
  20 kobolds
  2 quokkas
  6 bats
  6 frilled lizards
  10 goblins
  A goblin skeleton (D:10)
  2 goblin zombies (D:10)
  A hobgoblin skeleton (D:10)
  3 hobgoblin zombies (D:10)
  An orc skeleton (D:10)
  11 orc zombies (D:10)
  2 quokka skeletons
  20 rats
389 creatures vanquished.

Vanquished Creatures (collateral kills)
  A two-headed ogre (D:10)
  An orc warrior (D:9)
  5 ogres
  8 wights
  An orc wizard (D:9)
  3 orcs
19 creatures vanquished.

Vanquished Creatures (others)
  7 dancing weapons
  A bush (Lair:2)
  A fungus (Lair:3)
  4 plants
13 creatures vanquished.

Grand Total: 421 creatures vanquished

Notes
Turn   | Place    | Note
-------+----------+-------------------------------------------
     0 | D:1      | nht the Vampire Enchanter began the quest for the Orb.
     0 | D:1      | Reached XP level 1. HP: 13/13 MP: 3/3
   294 | D:1      | Reached XP level 2. HP: 8/19 MP: 5/5
   471 | D:1      | Found a shattered altar of Ashenzari.
   790 | D:2      | Reached skill level 5 in Hexes
   813 | D:2      | Noticed Ijyb
   832 | D:2      | Killed Ijyb
   832 | D:2      | Reached XP level 3. HP: 10/24 MP: 6/6
   865 | D:2      | Noticed Jessica
   939 | D:2      | Killed Jessica
  1017 | D:2      | Reached XP level 4. HP: 26/30 MP: 7/7
  1060 | D:2      | Found an ornate altar of the Wu Jian Council.
  1381 | D:2      | Found a burning altar of Makhleb.
  1381 | D:2      | Noticed a blizzard demon
  1454 | D:2      | Found a runed door.
  1652 | D:2      | Noticed Crazy Yiuf
  1656 | D:2      | Killed Crazy Yiuf
  1750 | D:2      | Learned a level 2 spell: Ensorcelled Hibernation
  1754 | D:2      | Learned a level 3 spell: Confuse
  1787 | D:3      | Reached XP level 5. HP: 30/35 MP: 3/8
  1788 | D:3      | Noticed Sigmund
  1798 | D:3      | Killed Sigmund
  1798 | D:3      | Reached skill level 5 in Short Blades
  1798 | D:3      | Reached skill level 6 in Hexes
  1798 | D:3      | Reached XP level 6. HP: 31/41 MP: 2/9
  2011 | D:3      | Noticed Robin
  2015 | D:3      | Killed Robin
  2117 | D:3      | Reached skill level 7 in Hexes
  2534 | D:4      | Learned a level 3 spell: Tukima's Dance
  2794 | D:4      | Reached skill level 8 in Hexes
  2794 | D:4      | Reached XP level 7. HP: 46/46 MP: 4/10
  3140 | D:4      | Noticed Duvessa
  3146 | D:4      | Noticed Dowan
  3147 | D:4      | Killed Duvessa
  3147 | D:4      | Reached skill level 9 in Hexes
  3153 | D:4      | Killed Dowan
  3184 | D:4      | Reached XP level 8. HP: 46/52 MP: 8/11
  3201 | D:4      | Reached skill level 10 in Hexes
  3206 | D:4      | Learned a level 3 spell: Dazzling Spray
  3357 | D:5      | Entered Level 5 of the Dungeon
  3357 | D:5      | Found a bloodstained altar of Trog.
  3494 | D:5      | Noticed Eustachio
  3626 | D:5      | Found an ancient bone altar of Kikubaaqudgha.
  3626 | D:5      | Found an opulent altar of Gozag.
  3698 | D:5      | Found a staircase to the Ecumenical Temple.
  3707 | Temple   | Entered the Ecumenical Temple
  3712 | Temple   | Became a worshipper of Dithmenos the Shadowed
  3870 | D:5      | Noticed Menkaure
  4054 | D:5      | Killed Eustachio
  4054 | D:5      | Reached skill level 5 in Stealth
  4070 | D:5      | Killed Menkaure
  4138 | D:6      | Found a glowing drain.
  4172 | Sewer    | Entered a sewer
  4340 | Sewer    | Reached * piety under Dithmenos
  4605 | Sewer    | Reached ** piety under Dithmenos
  4897 | D:6      | Reached XP level 9. HP: 34/57 MP: 2/12
  5275 | D:6      | Found a deep blue altar of Sif Muna.
  5463 | D:6      | Reached skill level 11 in Hexes
  5725 | D:7      | Reached skill level 10 in Short Blades
  5737 | D:7      | Reached skill level 5 in Dodging
  6058 | D:7      | Reached *** piety under Dithmenos
  6085 | D:7      | Found a glowing silver altar of Zin.
  6479 | D:8      | Noticed a two-headed ogre
  6487 | D:8      | Killed a two-headed ogre
  6487 | D:8      | Reached XP level 10. HP: 63/63 MP: 12/14
  6531 | D:8      | Got a heavy robe
  6542 | D:8      | Identified the +3 robe of Omission {Str+4} (You found it on level 8 of the Dungeon)
  6562 | D:8      | Noticed a two-headed ogre
  6569 | D:8      | Killed a two-headed ogre
  6569 | D:8      | Reached skill level 12 in Hexes
  6683 | D:8      | Reached skill level 1 in Long Blades
  6773 | D:8      | Reached skill level 10 in Stealth
  7129 | D:9      | Reached **** piety under Dithmenos
  7440 | D:9      | Found Ryxipoc's Armour Emporium.
  7841 | D:10     | Entered Level 10 of the Dungeon
  7897 | D:10     | Found a staircase to the Lair.
  8233 | D:10     | Found a staircase to the Orcish Mines.
  8381 | D:10     | Reached ***** piety under Dithmenos
  8638 | D:10     | Noticed a two-headed ogre
  8639 | D:10     | Noticed a two-headed ogre
  8639 | D:10     | Noticed a two-headed ogre
  8643 | D:10     | Noticed a two-headed ogre
  8659 | D:10     | Reached skill level 5 in Long Blades
  8890 | D:10     | Noticed an ogre mage
  9052 | D:10     | Killed an ogre mage
  9052 | D:10     | Reached XP level 11. HP: 28/68 MP: 14/17
  9178 | D:10     | Killed a two-headed ogre
  9183 | D:10     | Killed a two-headed ogre
  9246 | D:10     | Killed a two-headed ogre
  9261 | D:10     | Killed a two-headed ogre
  9324 | Lair:1   | Entered Level 1 of the Lair of Beasts
  9377 | Lair:1   | Noticed an eight-headed hydra
 10035 | Lair:2   | Found a staircase to the Shoals.
 10068 | Lair:2   | Reached skill level 10 in Long Blades
 10437 | Lair:3   | Found a staircase to the Snake Pit.
 10756 | Lair:3   | Noticed a four-headed hydra
 10760 | Lair:3   | Killed a four-headed hydra
 10800 | Lair:3   | Learned a level 5 spell: Metabolic Englaciation
 10828 | Lair:3   | Reached XP level 12. HP: 74/74 MP: 10/18
 11258 | Lair:3   | Noticed a five-headed hydra
 11739 | D:9      | Bought the +0 cloak "Tayssyic" {rN++ Regen+ Int+4 SInv} for 553 gold pieces
 11933 | Lair:1   | Reached skill level 13 in Hexes
 12039 | Lair:1   | Noticed a six-headed hydra
 12044 | Lair:1   | Killed a six-headed hydra
 12183 | Lair:1   | Killed an eight-headed hydra
 12380 | Lair:3   | Killed a five-headed hydra
 12409 | Lair:3   | Noticed an eight-headed hydra
 12411 | Lair:3   | Killed an eight-headed hydra
 12411 | Lair:3   | Reached skill level 14 in Hexes
 12598 | Lair:4   | Noticed Harold
 12602 | Lair:4   | Killed Harold
 12602 | Lair:4   | Reached skill level 15 in Hexes
 12675 | Lair:4   | Noticed Urug
 12733 | Lair:4   | Killed Urug
 12782 | Lair:4   | Noticed Josephine
 12819 | Lair:5   | Found a staircase to the Slime Pits.
 12820 | Lair:5   | Found a viscous altar of Jiyva.
 12864 | Lair:5   | Reached skill level 1 in Fighting
 12905 | Lair:5   | Reached XP level 13. HP: 48/83 MP: 19/19
 12967 | Lair:5   | Noticed Nessos
 13080 | Lair:5   | Shot with an arrow by Nessos

Vault maps used:
D:1:      dpeg_arrival_circle_labyrinth_a, serial_forest,
          infiniplex_forest_lined_3_way, infiniplex_forest_lined_2,
          infiniplex_forest_lined_room_2, infiniplex_forest_clump_small,
          infiniplex_forest_straight_2, infiniplex_forest_lined_1,
          infiniplex_forest_lined_room_2, infiniplex_forest_fountain,
          nicolae_ashenzari_panopticon
D:2:      makhleb_altar_promises_db, lemuel_round_altar, uniq_jessica,
          uniq_crazy_yiuf_cottage, uniq_iyjb
D:3:      uniq_sigmund, uniq_robin
D:4:      first_bread, uniq_duvessa
D:5:      overflow_temple_1_default, gammafunk_temple_overflow_wave,
          minmay_temple_entry_poolview, minmay_misc_feat_x, uniq_eustachio,
          uniq_menkaure
D:6:      nicolae_overflow_crystal_walls, gup_sewer_entry_glass
D:7:      old_standard_altar, kennysheep_generic_room_5
D:9:      serial_shops, shop
D:10:     lair_entry_dummy, zombieorc1_lemuel
Temple:   minmay_freezing_vapour_temple
Lair:1:   lemuel_fruit_tree, grunt_megastairs_3
Lair:2:   minmay_shoals_entry_hut, wad_woods_06, minmay_hedge_maze,
          lemuel_fruit_fields
Lair:3:   guppyfry_snake_entry_garden, grunt_forest_stairs_clearing
Lair:4:   grunt_megastairs_1, serial_bayou_shore_b, uniq_harold, uniq_sonja,
          uniq_urug, uniq_josephine
Lair:5:   slime_altar_1, infiniplex_staircase_pool, uniq_nessos
Sewer:    sewer_minmay_treatment

Skill      XL: |  1  2  3  4  5  6  7  8  9 10 11 12 13 |
---------------+----------------------------------------+-----
Short Blades   | 2 3 4 5 6 7 9 10 | 10.3
Hexes          | 5 6 8 9 10 11 12 15 | 15.2
Stealth        | 6 9 10 | 10.6
Dodging        | 4 5 7 8 |  8.0
Spellcasting   | 3 4 |  4.1
Long Blades    | 6 11 13 | 13.3
Fighting       | 1 2 |  2.6

Action                   |  1- 3 |  4- 6 |  7- 9 | 10-12 | 13-15 || total
-------------------------+-------+-------+-------+-------+-------++-------
Melee: Dagger            |    85 |   158 |   412 |   501 |     1 ||  1157
       Bite              |     7 |     7 |    24 |    47 |     6 ||    91
       Long sword        |       |       |       |   112 |       ||   112
       Scimitar          |       |       |       |    62 |    66 ||   128
 Cast: Ensorcelled Hiber |       |     9 |    20 |    86 |     3 ||   118
       Tukima's Dance    |       |     2 |    14 |    17 |       ||    33
       Confuse           |       |       |     9 |     6 |     1 ||    16
       Dazzling Spray    |       |       |     4 |    20 |       ||    24
       Metabolic Englaci |       |       |       |     1 |       ||     1
Invok: Shadow Step       |       |       |       |     3 |       ||     3
Evoke: Wand              |       |     2 |     4 |    13 |    10 ||    29
  Use: Potion            |    10 |    11 |    17 |    15 |     3 ||    56
       Scroll            |     6 |     4 |    10 |     8 |       ||    28
 Stab: Sleeping          |     6 |    12 |    38 |    96 |     2 ||   154
       Confused          |       |       |     4 |     1 |     2 ||     7
       Distracted        |       |       |     4 |     2 |       ||     6
       Invisible         |       |       |       |     6 |       ||     6
  Eat: Corpse            |       |       |     6 |    14 |     1 ||    21
Armor: Robe              |    15 |    30 |    80 |    96 |    14 ||   235
       Skin              |     2 |       |       |     7 |       ||     9
Dodge: Dodged            |    42 |    87 |   228 |   407 |    43 ||   807
       Rpst.: Long sword |       |       |       |    26 |       ||    26
       Scimitar          |       |       |       |     8 |    14 ||    22
